 Dungeon Crawl Stone Soup version 0.28-a0-429-g1448048969 (webtiles) character file.

Game seed: 4142790612899270857

380 MacCMillion the Grave Robber (level 6, -2/44 HPs)
             Began as a Gnoll Necromancer on Sept 10, 2021.
             Was an Initiate of Gozag.
             Killed from afar by an orc wizard (8 damage)
             ... with a puff of flame
             ... on level 4 of the Dungeon.
             The game lasted 00:16:19 (4531 turns).

MacCMillion the Grave Robber (Gnoll Necromancer)    Turns: 4531, Time: 00:16:20

Health: -2/44      AC:  4    Str:  9    XL:     6   Next: 75%
Magic:  14/14      EV: 13    Int: 15    God:    Gozag
Gold:   439        SH:  0    Dex: 12    Spells: 14/15 levels left

rFire   . . .      SeeInvis .   v - +2 short sword (holy)
rCold   . . .      Faith    .   (no shield)
rNeg    . . .      Spirit   .   a - +0 robe
rPois   .          Reflect  .   (no helmet)
rElec   .          Harm     .   (no cloak)
rCorr   .          Rampage  .   k - +0 pair of gloves
Will    .....                   t - +0 pair of boots
Stlth   +++.......              (no amulet)
HPRegen 0.14/turn               (no ring)
MPRegen 0.14/turn               (no ring)

@: no status effects
A: fangs 1, strong nose, distributed training
a: Renounce Religion, Potion Petition, Call Merchant, Bribe Branch


You were on level 4 of the Dungeon.
You worshipped Gozag.
Gozag was aware of your devotion.
You visited 1 branch of the dungeon, and saw 5 of its levels.

You collected 529 gold pieces.
You spent 90 gold pieces at shops.

Inventory:

Hand Weapons
 g - a +0 dagger
 o - a +2 whip of venom
 v - a +2 short sword of holy wrath (weapon)
Missiles
 x - 6 javelins
Armour
 a - a +0 robe (worn)
 j - a +0 pair of boots
 k - a +0 pair of gloves (worn)
 t - a +0 pair of boots (worn)
Jewellery
 b - a ring of protection from fire
Wands
 d - a wand of iceblast (13)
Scrolls
 c - a scroll of enchant weapon {unknown}
 e - 2 scrolls of fog {unknown}
 f - 3 scrolls of teleportation {unknown}
 l - a scroll of vulnerability {unknown}
 r - a scroll of enchant armour {unknown}
 u - a scroll of silence {unknown}
 y - a scroll of amnesia {unknown}
 z - a scroll of identify
Potions
 h - 3 potions of curing
 i - 2 potions of magic
 m - a potion of mutation
 n - a potion of degeneration {unknown}
 p - a potion of lignification {unknown}
 q - a potion of cancellation {unknown}
 s - 2 potions of attraction {unknown}
 w - a potion of heal wounds


   Skills:
 + Level 2.1 Fighting
 + Level 2.1 Short Blades
 + Level 2.1 Long Blades
 + Level 2.1 Axes
 + Level 2.1 Maces & Flails
 + Level 2.1 Polearms
 + Level 2.1 Staves
 + Level 2.1 Slings
 + Level 2.1 Bows
 + Level 2.1 Crossbows
 + Level 2.1 Throwing
 + Level 2.1 Armour
 + Level 5.0 Dodging
 + Level 4.7 Stealth
 + Level 2.1 Shields
 + Level 2.1 Unarmed Combat
 + Level 5.4 Spellcasting
 + Level 1.6 Conjurations
 + Level 1.6 Hexes
 + Level 1.6 Summonings
 + Level 7.3 Necromancy
 + Level 1.6 Translocations
 + Level 1.6 Transmutations
 + Level 1.6 Fire Magic
 + Level 1.6 Ice Magic
 + Level 1.6 Air Magic
 + Level 1.6 Earth Magic
 + Level 1.6 Poison Magic
 + Level 2.3 Invocations
 + Level 2.1 Evocations


You had 14 spell levels left.
You knew the following spells:

 Your Spells              Type           Power      Damage    Failure   Level
a - Pain                  Necr           100%       1d9       1%          1

Your spell library contained the following spells:

 Spells                   Type           Power      Damage    Failure   Level
 Animate Skeleton         Necr           52%        N/A       1%          1
 Vampiric Draining        Necr           13%        2d7       2%          3
 Corpse Rot               Necr/Air       N/A        N/A       3%          2
 Beastly Appendage        Tmut           18%        N/A       8%          1
 Shock                    Conj/Air       36%        1d5       8%          1
 Animate Dead             Necr           13%        N/A       8%          4
 Ensorcelled Hibernation  Hex/Ice        18%        N/A       12%         2
 Poisonous Vapours        Pois/Air       18%        N/A       12%         2
 Agony                    Necr           26%        N/A       22%         5
 Dazzling Flash           Conj/Hex       18%        N/A       24%         3
 Swiftness                Air            9%         N/A       24%         3
 Tukima's Dance           Hex            9%         N/A       24%         3
 Airstrike                Air            4%         N/A       61%         4
 Iskenderun's Mystic Bla  Conj/Tloc      9%         2d4       61%         4
 Starburst                Conj/Fire      4%         6d4       100%        6


Dungeon Overview and Level Annotations

Branches:
Dungeon (5/15)
 Temple: D:4-7

Altars:
Gozag

Shops:
D:1 [   D:2 [


Innate Abilities, Weirdness & Mutations

You have very sharp teeth.
Your uncanny sense of smell can sniff out nearby items.
Your experience applies equally to all skills.


Message History

The orc warrior writhes in agony!
The orc warrior barely resists.
The orc warrior writhes in agony!
The orc warrior writhes in agony!
You hit the orc warrior but do no damage.
Your bite misses the orc warrior.
The orc warrior is almost dead.
The orc warrior closely misses you.
You closely miss the orc warrior.
The orc warrior is almost dead.
The orc warrior hits you with a +0 scimitar!
You hit the orc warrior.
The orc warrior is almost dead.
The orc hits you with a +0 long sword! The orc warrior misses you.
You closely miss the orc warrior.
The orc warrior is almost dead.
The orc hits you with a +0 long sword.
The orc warrior hits you with a +0 scimitar!
* * * LOW HITPOINT WARNING * * *
The orc wizard gestures at you while chanting.
The puff of flame misses you.
The puff of flame hits the orc warrior.
An orc comes into view. It is wielding a +0 flail.
The orc shouts!
There is a stone staircase leading up here.
The orc warrior misses you.
The orc wizard hits you with a +0 dagger.
* * * LOW HITPOINT WARNING * * *
You climb upwards.
There is a stone staircase leading down here.
The orc wizard hits you with a +0 dagger.
* * * LOW HITPOINT WARNING * * *
The orc wizard mumbles some strange words.
The orc wizard flickers and vanishes!
Deactivating autopickup; reactivate with Ctrl-A.
There is a stone staircase leading up here.
You hear some strange, mumbled words.
A puff of flame appears from out of thin air!
The puff of flame hits you!
You die...
Your body crumbles into a pile of gold.

#........>##.#
##.........#..#
#............#
#...........##
#............#
#............##
#.............#
##.........{..#
#.........o@.#
###..(.....###
#####.#### ###


You could see an orc warrior.

Vanquished Creatures
  A necrophage (D:4)
  A hound (D:4)
  2 iguanas
  Ijyb (D:3)
  Terence (D:3)
  An orc wizard (D:5)
  8 adders
  2 worms
  3 dart slugs
  An orc (D:3)
  3 bats
  3 endoplasms
  A giant cockroach (D:4)
  4 goblins
  4 hobgoblins
  4 jackals
  7 kobolds
  4 quokkas
  2 ball pythons
  2 frilled lizards
  8 rats
63 creatures vanquished.

Notes
Turn   | Place    | Note
-------+----------+-------------------------------------------
     0 | D:1      | MacCMillion the Gnoll Necromancer began the quest for the
                  | Orb.
     0 | D:1      | Reached XP level 1. HP: 13/13 MP: 6/6
   292 | D:1      | Reached XP level 2. HP: 18/19 MP: 5/7
   545 | D:1      | Found a faded altar of an unknown god.
   641 | D:1      | Got Plato's Incunabulum of Transmigration
   642 | D:1      | Became a worshipper of Gozag Ym Sagoz the Greedy
  1017 | D:1      | Found Nawu's Armour Emporium.
  1331 | D:2      | Reached skill level 5 in Spellcasting
  1331 | D:2      | Reached XP level 3. HP: 22/25 MP: 4/9
  1512 | D:1      | Bought a +0 pair of boots for 45 gold pieces
  1512 | D:1      | Bought a +0 pair of gloves for 45 gold pieces
  1529 | D:2      | Reached skill level 1 in Invocations
  1627 | D:2      | Reached skill level 1 in Fighting
  1627 | D:2      | Reached skill level 1 in Short Blades
  1627 | D:2      | Reached skill level 1 in Long Blades
  1627 | D:2      | Reached skill level 1 in Axes
  1627 | D:2      | Reached skill level 1 in Maces & Flails
  1627 | D:2      | Reached skill level 1 in Polearms
  1627 | D:2      | Reached skill level 1 in Staves
  1627 | D:2      | Reached skill level 1 in Slings
  1627 | D:2      | Reached skill level 1 in Bows
  1627 | D:2      | Reached skill level 1 in Crossbows
  1627 | D:2      | Reached skill level 1 in Throwing
  1627 | D:2      | Reached skill level 1 in Armour
  1627 | D:2      | Reached skill level 1 in Shields
  1627 | D:2      | Reached skill level 1 in Unarmed Combat
  1627 | D:2      | Reached skill level 1 in Evocations
  1846 | D:2      | Reached XP level 4. HP: 30/32 MP: 8/11
  2183 | D:2      | Reached skill level 1 in Conjurations
  2183 | D:2      | Reached skill level 1 in Hexes
  2183 | D:2      | Reached skill level 1 in Summonings
  2183 | D:2      | Reached skill level 1 in Translocations
  2183 | D:2      | Reached skill level 1 in Transmutations
  2183 | D:2      | Reached skill level 1 in Fire Magic
  2183 | D:2      | Reached skill level 1 in Ice Magic
  2183 | D:2      | Reached skill level 1 in Air Magic
  2183 | D:2      | Reached skill level 1 in Earth Magic
  2183 | D:2      | Reached skill level 1 in Poison Magic
  2435 | D:2      | Found Yboxusum's Armour Shop.
  2505 | D:3      | Reached XP level 5. HP: 37/37 MP: 12/12
  3045 | D:3      | Noticed Ijyb
  3064 | D:3      | Killed Ijyb
  3181 | D:3      | Noticed Terence
  3188 | D:3      | Killed Terence
  3845 | D:4      | Noticed a phantom
  3985 | D:4      | Noticed a necrophage
  4014 | D:4      | Killed a necrophage
  4015 | D:4      | Reached skill level 5 in Dodging
  4015 | D:4      | Reached XP level 6. HP: 29/44 MP: 14/14
  4277 | D:5      | Entered Level 5 of the Dungeon
  4383 | D:5      | Noticed an orc warrior
  4531 | D:4      | Killed from afar by an orc wizard

Illustrated notes

Levels and vault maps discovered:
D:1:      denvon_arrival_planthouse, layout_rooms, serial_shops, shop_coins,
          serial_forest, infiniplex_forest_zigzag_1,
          infiniplex_forest_clump_long, infiniplex_forest_lined_room_2,
          infiniplex_forest_fountain, infiniplex_forest_clump_diagonal,
          infiniplex_forest_corner_1, infiniplex_forest_clump_medium,
          infiniplex_forest_clump_curved, shapermc_ecumenical_altar_rom_forum
D:2:      layout_rooms, serial_shops, shop_statue
D:3:      layout_loops_ring, minmay_hedge_maze, uniq_terence, uniq_ijyb
D:4:      layout_cave_pods, nemelex_diamond_rough_becter,
          gammafunk_ghost_necromancy
D:5:      layout_basic, grunt_temple_overflow_holy_war,
          minmay_temple_entry_nine_rooms

Skill      XL: |  1  2  3  4  5  6 |
---------------+-------------------+-----
Spellcasting   | 5 |  5.4
Invocations    | 1 2 |  2.3
Fighting       | 1 2 |  2.1
Short Blades   | 1 2 |  2.1
Long Blades    | 1 2 |  2.1
Axes           | 1 2 |  2.1
Maces & Flails | 1 2 |  2.1
Polearms       | 1 2 |  2.1
Staves         | 1 2 |  2.1
Slings         | 1 2 |  2.1
Bows           | 1 2 |  2.1
Crossbows      | 1 2 |  2.1
Throwing       | 1 2 |  2.1
Armour         | 1 2 |  2.1
Shields        | 1 2 |  2.1
Unarmed Combat | 1 2 |  2.1
Evocations     | 1 2 |  2.1
Conjurations   | 1 |  1.6
Hexes          | 1 |  1.6
Summonings     | 1 |  1.6
Translocations | 1 |  1.6
Transmutations | 1 |  1.6
Fire Magic     | 1 |  1.6
Ice Magic      | 1 |  1.6
Air Magic      | 1 |  1.6
Earth Magic    | 1 |  1.6
Poison Magic   | 1 |  1.6
Dodging        | 5 |  5.0
Stealth        | |  4.7
Necromancy     | |  7.3

Action                   |  1- 3 |  4- 6 || total
-------------------------+-------+-------++-------
Melee: Unarmed           |     1 |       ||     1
       Dagger            |     4 |       ||     4
       Whip              |       |    56 ||    56
       Bite              |       |     8 ||     8
       Short sword       |       |    14 ||    14
 Cast: Pain              |    63 |    50 ||   113
  Use: Scroll            |       |     3 ||     3
       Potion            |       |     1 ||     1
 Stab: Sleeping          |     1 |     3 ||     4
Armor: Robe              |     6 |    15 ||    21
Dodge: Dodged            |    16 |    56 ||    72

Table legend: (Time is in decaauts)
 A = Elapsed time spent in this place.
 B = Non-inter-level travel time spent in this place.
 C = Inter-level travel time spent in this place.
 D = Time resting spent in this place.
 E = Time spent auto-exploring this place.
 F = Levels seen in this place.
 G = Mean time per level.
                   A        B        C        D        E       F      G
               +--------+--------+--------+--------+--------+-----+--------+
         Total |   4536 |   4311 |    225 |    251 |   3352 |   5 |  907.2 |
       Dungeon |   4536 |   4311 |    225 |    251 |   3352 |   5 |  907.2 |
               +--------+--------+--------+--------+--------+-----+--------+

Top non-repeatable levels by time:
     D:1: 1453 daAuts
     D:3: 1186 daAuts
     D:2: 1046 daAuts
     D:4: 606 daAuts
     D:5: 243 daAuts
